 Dungeon Crawl Stone Soup version 0.32-a0-7-ge934b4519a (webtiles) character file.

Game seed: 9233359216898785613

14871 arthad the Fighter (level 12, -7/136 HPs)
             Began as an Oni Gladiator on Jan 13, 2024.
             Was an Initiate of Gozag.
             Shot with an arrow by a centaur warrior (25 damage)
             ... on level 13 of the Dungeon.
             The game lasted 00:25:42 (10527 turns).

arthad the Fighter (Oni Gladiator)                 Turns: 10527, Time: 00:25:43

Health: -7/136     AC:  4    Str: 25    XL:     12   Next: 21%
Magic:  12/12      EV: 17    Int:  9    God:    Gozag
Gold:   2462       SH:  0    Dex: 10    Spells: 11/11 levels left

rFire   . . .        h - +8 broad axe (drain)
rCold   . . .        (no shield)
rNeg    . . .        b - +0 robe
rPois   .            c - +1 hat
rElec   .            (no cloak)
rCorr   .            (gloves unavailable)
SInv    +            (boots unavailable)
Will    +....        g - amulet of regeneration
Stlth   +++          s - +5 ring of evasion
HPRegen 1.22/turn    F - ring of see invisible
MPRegen 0.13/turn

%: no passive effects
@: no status effects
A: large, unfitting armour, horns 1, tough skin 1, double potion healing,
drunken brawling
a: Renounce Religion, Potion Petition, Call Merchant, Bribe Branch


You were on level 13 of the Dungeon.
You worshipped Gozag.
Gozag was most pleased with you.
You visited 2 branches of the dungeon, and saw 15 of its levels.
You also visited: Bailey.

You collected 2508 gold pieces.
You paid 46 gold pieces to Gozag.

Inventory:

Hand Weapons
 a - a +0 war axe
 f - a +5 dire flail of protection
 h - a +8 broad axe of draining (weapon)
 q - a +0 dagger of venom
 r - a +2 antimagic demon blade
 t - the +7 short sword "Lawuhent" {heavy, rElec rC- Will++ Str+3}
   (You found it on level 3 of the Dungeon)

   Str+3:     It affects your strength (+3).
   rC-:       It makes you vulnerable to cold.
   rElec:     It insulates you from electricity.
   Will++:    It greatly increases your willpower.
 u - a +0 broad axe
 N - a +0 rapier of speed
Missiles
 d - 5 throwing nets
 e - a large rock
 l - 17 poisoned darts
 w - 8 javelins
 y - 12 boomerangs (quivered)
 T - a curare-tipped dart
Armour
 b - a +0 robe (worn)
 c - a +1 hat (worn)
 k - the +0 fire dragon scales of Brilliance {rF++ rC- Int+3}
   (You took it off a spriggan in a bailey)

   Int+3:     It affects your intelligence (+3).
   rF++:      It greatly protects you from fire.
   rC-:       It makes you vulnerable to cold.
 n - +0 ice dragon scales
Magical Staves
 Z - a staff of earth
Jewellery
 g - an amulet of regeneration (around neck)
 s - a +5 ring of evasion (left hand)
 A - a ring of ice
 B - a ring of protection from cold
 C - an amulet of the acrobat
 F - a ring of see invisible (right hand)
Wands
 J - a wand of flame (20)
 Q - a wand of mindburst (8)
 S - a wand of quicksilver (2)
 Y - a wand of digging (6)
Scrolls
 i - 2 scrolls of poison
 p - 3 scrolls of enchant armour
 v - a scroll of teleportation
 x - 5 scrolls of fear
 z - a scroll of butterflies
 E - 4 scrolls of identify
 G - 2 scrolls of vulnerability
 K - 2 scrolls of brand weapon
 L - a scroll of immolation
 O - a scroll of torment
 P - a scroll of silence {unknown}
 X - a scroll of revelation
Potions
 j - a potion of attraction
 m - a potion of curing
 o - a potion of berserk rage
 D - a potion of invisibility
 I - 2 potions of might
 M - 2 potions of haste
 R - 2 potions of cancellation
 V - 2 potions of brilliance {unknown}


   Skills:
 * Level 13.4 Fighting
 * Level 10.7 Axes
 + Level 7.8 Throwing
 + Level 3.1 Armour
 + Level 7.3 Dodging
 + Level 5.8 Stealth


You had 11 spell levels left.
You didn't know any spells.
Your spell library contained the following spells:

 Spells                   Type           Power      Damage    Failure   Level
 Freeze                   Ice            0%         1d3       38%         1
 Sting                    Conj/Alch      0%         1d3       38%         1
 Mercury Vapours          Alch/Air       0%         N/A       52%         2
 Frozen Ramparts          Ice            0%         1d1       77%         3
 Hailstorm                Conj/Ice       0%         3d5       77%         3
 Olgreb's Toxic Radiance  Alch           0%         N/A       99%         4
 Sticky Flame             Fire/Alch      0%         2d4       99%         4
 Vhi's Electric Charge    Tloc/Air       0%         N/A       99%         4
 Arcjolt                  Conj/Air       0%         1d10      100%        5
 Borgnjor's Vile Clutch   Necr/Erth      0%         N/A       100%        5
 Death Channel            Necr           0%         N/A       100%        6
 Malign Gateway           Summ/Tloc      0%         N/A       100%        7
 Maxwell's Capacitive Co  Air            0%         ∞         100%        8
 Animate Dead             Necr           Unusable   N/A       N/A         4

Dungeon Overview and Level Annotations

Branches:
Dungeon (14/15)            Temple (1/1) D:5            Lair (0/5) D:10
    Orc (0/2) D:9          Bailey (visited)
 Vaults: D:13-14

Altars:
Ashenzari
Cheibriados
Dithmenos
Elyvilon
Fedhas
Gozag
Hepliaklqana
Kikubaaqudgha
Makhleb
Nemelex Xobeh
Okawaru
Qazlal
Ru
Sif Muna
Trog
Uskayaw
Vehumet
Wu Jian
Xom
Yredelemnul
Zin
The Shining One

Shops:
D:2 [   D:5 [   D:6 [[

Portals:
Trove: D:10 (give +3 gold dragon scales)

Annotations:
D:4 3 runed translucent doors, Xavori's ghost, amateur DjCK
D:9 exclusion: oklob plant
D:12 6 transporters


Innate Abilities, Weirdness & Mutations

You are too large for most types of armour.
You have a pair of small horns on your head.
You have tough skin. (AC +1)
You gain doubled healing and magic from potions.
Whenever you drink a healing potion, you attack all around you.


Message History

You open the door.
There is an open door here.
You open the door.
There is an open door here.
You open the door.
A seven-headed hydra, a centaur warrior and 3 centaurs come into view.
The centaur warrior shouts!
The centaur shouts!
The seven-headed hydra roars!
The centaur warrior wields a +0 orcbow.
The centaur warrior shoots an arrow.
The arrow hits you!
The centaur shouts! x2
Found an escape hatch in the floor.
There are monsters nearby!
There are monsters nearby!
The centaur wields a +0 shortbow.
The centaur shoots an arrow.
The arrow closely misses you.
The centaur wields a +0 orcbow.
The centaur shoots an arrow.
The arrow closely misses you.
The centaur warrior shoots an arrow.
The arrow closely misses you.
There is an open door here.
The centaur warrior shoots an arrow.
The arrow hits you!
The centaur warrior shoots an arrow.
The arrow hits you!!
The centaur warrior shoots an arrow.
The arrow barely misses you.
You hear a shout!
There is an open door here.
The centaur warrior shoots an arrow.
The arrow completely misses you.
You close the door.
A centaur warrior opens the door.
The centaur warrior shoots an arrow.
The arrow hits you!!
The centaur wields a +0 shortbow.
The centaur shoots an arrow.
The arrow closely misses you.
The centaur warrior shoots an arrow.
The arrow barely misses you.
The centaur shoots an arrow.
The arrow hits you.
The centaur warrior shoots an arrow.
The arrow hits you!
The centaur warrior shoots an arrow.
The arrow hits you!!
* * * LOW HITPOINT WARNING * * *
The centaur warrior shoots an arrow.
The arrow hits you!!
* * * LOW HITPOINT WARNING * * *
There is a stone staircase leading up, spattered with blood here.
The centaur warrior shoots an arrow.
The arrow hits you!!
You die...
Your body crumbles into a pile of gold.

....c.. .... #####'#
#.....# ##'######
#.c.....#
#.......#######
#.......cc....#########
#.......#####..@.....>.
#.......# ###########
+.......# #.......#
#.......# #########


You could see a centaur warrior and a centaur.

Vanquished Creatures
  3 two-headed ogres
  Urug (D:10)
  An ugly thing (D:12)
  A manticore (D:12)
  A meliai (D:13)
  A kobold demonologist (D:12)
  2 guardian mummies (D:10)
  3 komodo dragons
  A rime drake (shapeshifter) (D:12)
  A troll (D:12)
  5 slime creatures (D:12)
  2 shadows
  8 spriggans (Bailey)
  15 yaks
  A wyvern (D:8)
  A wraith (D:10)
  Eustachio (D:5)
  2 steam dragons
  4 vampire mosquitoes
  2 acid dragons
  Edmund (D:4)
  An ice beast (D:7)
  2 orc warriors
  A black bear (D:8)
  A sky beast (D:7)
  11 ogres
  5 centaurs
  A phantom (D:6)
  2 kobold brigands (D:9)
  A gnoll sergeant (D:10)
  3 scorpions
  4 howler monkeys
  A bombardier beetle (D:6)
  2 hounds
  2 jellies
  4 orc priests
  3 gnoll boudas
  An iguana (D:6)
  14 orc wizards
  5 adders
  17 gnolls
  A shadow imp (D:6)
  2 white imps
  2 dart slugs (D:1)
  53 orcs
  10 bats
  14 endoplasms
  2 giant cockroaches
  6 goblins
  A hobgoblin (D:1)
  7 jackals
  18 kobolds
  3 quokkas
  4 ball pythons
  3 frilled lizards
  4 rats
268 creatures vanquished.

Notes
Turn   | Place    | Note
-------+----------+-------------------------------------------
     0 | D:1      | arthad the Oni Gladiator began the quest for the Orb.
     0 | D:1      | Reached XP level 1. HP: 22/22 MP: 1/1
   117 | D:1      | Reached skill level 3 in Fighting
   117 | D:1      | Reached XP level 2. HP: 30/31 MP: 2/2
   417 | D:1      | Reached XP level 3. HP: 37/37 MP: 3/3
  1327 | D:2      | Found Foxaism's Antique Armour Boutique.
  1456 | D:2      | Reached XP level 4. HP: 41/45 MP: 4/4
  1830 | D:3      | Found a faded altar of an unknown god.
  1839 | D:3      | Identified the +7 short sword "Lawuhent" {heavy, rElec rC-
                  | Will++ Str+3}
  2047 | D:3      | Found a white marble altar of Elyvilon.
  2109 | D:3      | Reached skill level 4 in Fighting
  2168 | D:3      | Reached skill level 1 in Stealth
  2451 | D:4      | Got Zoittaab's Monograph on Generative Transfiguration
  2456 | D:4      | Found a radiant altar of Vehumet.
  2466 | D:4      | Noticed Edmund
  2468 | D:4      | Reached XP level 5. HP: 52/54 MP: 5/5
  2481 | D:4      | Killed Edmund
  2551 | D:4      | Reached XP level 6. HP: 65/65 MP: 6/6
  2593 | D:4      | Reached skill level 5 in Fighting
  2987 | D:4      | Found a runed translucent gate.
  2988 | D:4      | Found a runed translucent gate.
  2988 | D:4      | Identified the +2 hand axe of the Assorted Beds {vamp, Fly
                  | MP+9 Int+3}
  2988 | D:4      | Identified the +1 leather armour of Ignis's Condemnation
                  | {Will- Int-3 Dex+6}
  2988 | D:4      | Noticed Xavori's ghost (amateur DjCK)
  2989 | D:4      | Found a runed translucent gate.
  3027 | D:5      | Entered Level 5 of the Dungeon
  3041 | D:5      | Noticed Eustachio
  3049 | D:5      | Killed Eustachio
  3050 | D:5      | Reached skill level 5 in Axes
  3050 | D:5      | Reached XP level 7. HP: 74/74 MP: 7/7
  3106 | D:5      | Found an iron altar of Okawaru.
  3147 | D:5      | Noticed a +0 dagger
  3148 | D:5      | Noticed a +0 hand axe
  3149 | D:5      | Found a hide-covered altar of Uskayaw.
  3224 | D:5      | Reached skill level 6 in Fighting
  3292 | D:5      | Found a glowing silver altar of Zin.
  3293 | D:5      | Found Nastath's Antique Armour Emporium.
  3319 | D:5      | Found a staircase to the Ecumenical Temple.
  3328 | Temple   | Entered the Ecumenical Temple
  3338 | Temple   | Became a worshipper of Gozag Ym Sagoz the Greedy
  3513 | D:6      | Found Efokucim's Antique Armour Emporium.
  3619 | D:6      | Reached XP level 8. HP: 63/84 MP: 8/8
  3883 | D:6      | Reached skill level 7 in Fighting
  3957 | D:6      | Found Faosuhoygh's Armour Shoppe.
  4428 | D:7      | Found a flagged portal.
  4468 | Bailey   | Entered a bailey
  4503 | Bailey   | Noticed a spriggan
  4515 | Bailey   | Killed a spriggan
  4549 | Bailey   | Noticed a spriggan
  4578 | Bailey   | Reached skill level 8 in Fighting
  4578 | Bailey   | Reached XP level 9. HP: 96/96 MP: 9/9
  4595 | Bailey   | Reached skill level 5 in Dodging
  4618 | Bailey   | Reached skill level 5 in Throwing
  4633 | Bailey   | Reached skill level 9 in Fighting
  4746 | Bailey   | Identified the +0 fire dragon scales of Brilliance {rF++
                  | rC- Int+3}
  4767 | Bailey   | Reached XP level 10. HP: 83/110 MP: 10/10
  4769 | Bailey   | Reached skill level 10 in Fighting
  4809 | Bailey   | Noticed a two-headed ogre
  4822 | Bailey   | Killed a two-headed ogre
  5219 | D:7      | Found a glowing golden altar of the Shining One.
  5249 | D:7      | Noticed a two-headed ogre
  5258 | D:7      | Killed a two-headed ogre
  5415 | D:7      | Found a bloodstained altar of Trog.
  5639 | D:8      | Found a broken altar of Ashenzari.
  6049 | D:8      | Reached skill level 11 in Fighting
  6369 | D:8      | Found a shimmering altar of Xom.
  6369 | D:8      | Found a shimmering altar of Xom.
  6370 | D:8      | Found a shimmering altar of Xom.
  6370 | D:8      | Found a shimmering altar of Xom.
  6370 | D:8      | Found a shimmering altar of Xom.
  6370 | D:8      | Found a shimmering altar of Xom.
  6544 | D:9      | Found a blossoming altar of Fedhas.
  6560 | D:9      | Noticed an oklob plant
  6821 | D:9      | Reached XP level 11. HP: 66/122 MP: 11/11
  6938 | D:9      | Found a staircase to the Orcish Mines.
  6961 | D:9      | Found a hazy altar of Hepliaklqana.
  7165 | D:9      | Reached skill level 5 in Stealth
  7427 | D:10     | Entered Level 10 of the Dungeon
  7483 | D:10     | Found a portal to a secret trove of treasure.
  7914 | D:10     | Found a staircase to the Lair.
  7941 | D:10     | Reached skill level 12 in Fighting
  7941 | D:10     | Reached skill level 1 in Armour
  8027 | D:10     | Noticed a two-headed ogre
  8033 | D:10     | Killed a two-headed ogre
  8116 | D:10     | Noticed Urug
  8234 | D:10     | Killed Urug
  8467 | D:11     | You fall into a shaft and drop 3 floors!
  8478 | D:14     | Found a broken altar of Ashenzari.
  8925 | D:11     | Reached skill level 10 in Axes
  9439 | D:12     | Found a transporter.
  9503 | D:12     | Found a transporter.
  9505 | D:12     | Found a transporter.
  9663 | D:12     | Noticed a red ugly thing
  9674 | D:12     | Killed a red ugly thing
  9932 | D:12     | Reached skill level 13 in Fighting
  9962 | D:12     | Noticed a manticore
  9963 | D:12     | Reached XP level 12. HP: 129/136 MP: 12/12
 10183 | D:12     | Found a transporter.
 10300 | D:12     | Found a transporter.
 10303 | D:12     | Found a transporter.
 10508 | D:13     | Noticed a seven-headed hydra
 10508 | D:13     | Noticed a centaur warrior
 10527 | D:13     | Shot with an arrow by a centaur warrior

Illustrated notes

Levels and vault maps discovered:
D:1:      kilobyte_arrival_exit_the_forest, layout_loops_ring
D:2:      layout_basic, serial_shops, shop
D:3:      layout_loops_ring, mainiacjoe_overflow_concentric_impassable,
          ebering_ecumenical_altar_mist
D:4:      layout_basic, vehumet_crystals, biasface_ghost_orc_armoury,
          uniq_edmund
D:5:      layout_rooms, mainiacjoe_overflow_alcove_1, dancing_weapons_uskayaw,
          mainiacjoe_overflow_cross_hatched, minmay_temple_entry_large_hall,
          serial_shops, nicolae_shop_dealshenge, uniq_eustachio
D:6:      layout_cave_pools, serial_shops, shop, shop_fountains
D:7:      layout_loops_ring, kennysheep_little_box, tso_oasis_becter,
          enter_bailey_7
D:8:      layout_basic, old_standard_altar, xom_shifter_show
D:9:      layout_basic, lemuel_doored_altar, tgw_fedhas, orc_0_dummy
D:10:     layout_basic, lair_entry_dummy, nicolae_trove_entry_path_of_doom,
          uniq_urug
D:11:     layout_long_grid
D:12:     layout_roguey, serial_nicolae_subway, nicolae_sub_station_metal,
          nicolae_sub_station_crystal, nicolae_sub_station_stone
D:13:     layout_roguey, hellmonk_vaults_order_and_chaos
D:14:     regret_index_malice_mire, layout_basic, nicolae_ashenzari_skybound,
          minmay_ruined_shrine
Temple:   nicolae_temple_bog_church

Skill      XL: |  1  2  3  4  5  6  7  8  9 10 11 12 |
---------------+-------------------------------------+-----
Fighting       | 3 4 5 6 8 9 11 13 | 13.4
Dodging        | 3 4 5 6 7 |  7.3
Stealth        | 1 2 3 4 5 |  5.8
Axes           | 4 5 6 7 9 10 | 10.7
Throwing       | 3 4 5 6 7 |  7.8
Armour         | 2 3 |  3.1

Action                     |  1- 3 |  4- 6 |  7- 9 | 10-12 || total
---------------------------+-------+-------+-------+-------++-------
  Melee: War axe           |   102 |     6 |       |       ||   108
         Headbutt          |    10 |     9 |    27 |    71 ||   117
         Short sword       |       |    37 |       |       ||    37
         Dire flail        |       |    40 |   176 |   228 ||   444
         Broad axe         |       |       |       |   111 ||   111
         Punch             |       |       |       |     2 ||     2
  Throw: Dart              |     3 |     1 |    23 |    12 ||    39
         Javelin           |     1 |     3 |     3 |       ||     7
         Boomerang         |       |       |       |   103 ||   103
         Throwing net      |       |       |       |     1 ||     1
  Evoke: Wand              |       |       |     1 |       ||     1
    Use: Potion            |       |     2 |     6 |     4 ||    12
         Scroll            |       |       |     2 |    21 ||    23
   Stab: Sleeping          |     3 |     2 |     2 |     6 ||    13
         Invisible         |       |       |       |     2 ||     2
 Armour: Robe              |   100 |    35 |   111 |   199 ||   445
         Skin              |       |       |     9 |       ||     9
  Dodge: Dodged            |    50 |    63 |   161 |   265 ||   539

Table legend: (Time is in decaauts)
 A = Elapsed time spent in this place.
 B = Non-inter-level travel time spent in this place.
 C = Inter-level travel time spent in this place.
 D = Time resting spent in this place.
 E = Time spent auto-exploring this place.
 F = Levels seen in this place.
 G = Mean time per level.
                   A        B        C        D        E       F      G
               +--------+--------+--------+--------+--------+-----+--------+
         Total |  10643 |  10175 |    468 |    213 |   7770 |  16 |  665.2 |
       Dungeon |  10077 |   9628 |    449 |    132 |   7601 |  14 |  719.8 |
        Temple |     20 |      1 |     19 |      0 |      0 |   1 |   20.0 |
        Bailey |    545 |    545 |      0 |     81 |    169 |   1 |  545.0 |
               +--------+--------+--------+--------+--------+-----+--------+

Top non-repeatable levels by time:
    D:12: 1119 daAuts
    D:10: 1020 daAuts
     D:1: 1002 daAuts
     D:9: 962 daAuts
     D:6: 857 daAuts
     D:8: 838 daAuts
     D:2: 813 daAuts
     D:7: 746 daAuts
    D:11: 668 daAuts
     D:3: 641 daAuts
     D:4: 641 daAuts
  Bailey: 545 daAuts
     D:5: 468 daAuts
    D:13: 218 daAuts
    D:14: 79 daAuts
